 Dungeon Crawl Stone Soup version 0.28.0-43-g3370ac3207 (webtiles) character file.

Game seed: 9643766869434226161

343 croobank the Skirmisher (level 6, 0/58 HPs)
             Began as a Hill Orc Fighter on Mar 17, 2022.
             Was an Initiate of Beogh.
             Succumbed to a gnoll's poison
             ... on level 4 of the Dungeon.
             The game lasted 00:12:06 (4227 turns).

croobank the Skirmisher (Hill Orc Fighter)          Turns: 4227, Time: 00:12:07

Health: 0/58       AC: 10    Str: 21    XL:     6   Next: 57%
Magic:  6/7        EV:  9    Int:  6    God:    Beogh [......]
Gold:   187        SH:  5    Dex: 10    Spells: 5/5 levels left

rFire   + . .      SeeInvis .   a - +0 war axe
rCold   . . .      Faith    .   c - +1 buckler
rNeg    . . .      Spirit   .   t - +0 scale mail
rPois   .          Reflect  .   (helmet restricted)
rElec   .          Harm     .   (no cloak)
rCorr   .          Rampage  .   o - +2 pair of gloves
Will    .....                   (no boots)
Stlth   ..........              (no amulet)
HPRegen 0.19/turn               k - ring of protection from fire
MPRegen 0.10/turn               (no ring)

@: mighty, lethally poisoned (0 -> -6)
A: antennae 1, dopey 1, high MP 1
a: Renounce Religion


You were on level 4 of the Dungeon.
You worshipped Beogh.
Beogh was noncommittal.
You visited 1 branch of the dungeon, and saw 5 of its levels.

You collected 187 gold pieces.

Inventory:

Hand Weapons
 a - a +0 war axe (weapon)
 b - a +0 hunting sling
 w - a +0 morningstar
 E - a +3 quarterstaff
Missiles
 e - 14 bolts
 g - 139 stones (quivered)
 i - 63 arrows
 r - 22 sling bullets
Armour
 c - a +1 buckler (worn)
 o - a +2 pair of gloves (worn)
 t - a +0 scale mail (worn)
Jewellery
 k - a ring of protection from fire (left hand)
 A - a ring of magical power
Wands
 u - a wand of iceblast (6)
Scrolls
 l - a scroll of fog
Potions
 f - a potion of resistance {unknown}
 j - a potion of curing
 p - 2 potions of magic {unknown}
 q - 2 potions of flight
 s - a potion of brilliance {unknown}
 v - a potion of lignification {unknown}
 z - a potion of heal wounds {unknown}
 B - a potion of ambrosia {unknown}


   Skills:
 + Level 6.5 Fighting
 + Level 6.4 Axes
 - Level 3.3 Armour
 - Level 3.3 Shields
 + Level 1.2 Invocations


You had 5 spell levels left.
You didn't know any spells.
Your spell library contained the following spells:

 Spells                   Type           Power      Damage    Failure   Level
 Sting                    Tmut/Pois      0%         1d3       87%         1
 Poisonous Vapours        Pois/Air       0%         N/A       95%         2
 Ozocubu's Armour         Ice            0%         N/A       99%         3
 Olgreb's Toxic Radiance  Pois           0%         N/A       100%        4
 Ozocubu's Refrigeration  Ice            0%         4d5       100%        7


Dungeon Overview and Level Annotations

Branches:
Dungeon (5/15)
 Temple: D:4-7

Altars:
Okawaru
Sif Muna
Trog
Vehumet
Yredelemnul

Shops:
D:3 =

Annotations:
D:4 3 runed translucent doors, Zeld's ghost, novice DEFE
D:5 Eustachio


Innate Abilities, Weirdness & Mutations

You have a pair of small antennae on your head.
You are dopey. (Int -2)
You have an increased reservoir of magic. (+10% MP)


Message History

The gnoll barely misses you. x2
Your Invocations skill increases to level 1!
You feel very sick.
The gnoll hits you from afar with a +2 spear of venom.
* * * LOW HITPOINT WARNING * * *
You are lethally poisoned!
The gnoll hits you but does no damage.
You are more poisoned.
Things that are here:
a +0 club; a +0 leather armour
* * * LOW HITPOINT WARNING * * *
You feel extremely sick. You block the gnoll's attack.
The gnoll barely misses you.
* * * LOW HITPOINT WARNING * * *
You feel very sick.
It was a potion of curing.
You feel better.
The gnoll hits you from afar with a +2 halberd of venom.
* * * LOW HITPOINT WARNING * * *
You are poisoned.
The gnoll closely misses you.
* * * LOW HITPOINT WARNING * * *
You feel very sick.
It was a potion of mutation.
You feel extremely strange. A pair of antennae grows on your head!
You feel stupid.
You feel more energetic.
* * * LOW HITPOINT WARNING * * *
You feel sick. You block the gnoll's attack. The gnoll barely misses you.
You feel sick.
* * * LOW HITPOINT WARNING * * *
You feel sick. The gnoll misses you. The gnoll hits you but does no damage.
You are lethally poisoned!
* * * LOW HITPOINT WARNING * * *
You feel sick.
There is a stone staircase leading up here.
* * * LOW HITPOINT WARNING * * *
You feel sick. The gnoll completely misses you. You block the gnoll's attack.
The gnoll completely misses you. The gnoll hits you but does no damage.
You climb upwards.
Level annotation: 3 runed translucent doors, Zeld's ghost, novice DEFE You die...

#####.# #.....####### #
##.##........# #####...##.#####.#
......#..#.# #.# #####...##.# #.#
# ##.###.# #.#
#.#.#.#####.########
#.#.'......@.......#######
#.#.###..##.##..##.......# #
##.#####............#####.#
#####...#.....##.##..#..#####.###
......#...##..##.##..#..........#
#####...#.##..##.##.....#########
#...##.##.##..##........#
........................#
..........##.###..#.###.########


There were no monsters in sight!

Vanquished Creatures
  A water moccasin skeleton (D:4)
  A hound (D:3)
  A gnoll shaman (D:5)
  An iguana (D:4)
  Ijyb (D:3)
  Terence (D:3)
  2 hound zombies (D:4)
  2 gnolls (D:5)
  3 adders
  A white imp (D:5)
  An ufetubus (D:4)
  An adder skeleton (D:4)
  A worm (D:3)
  3 dart slugs
  An orc (D:2)
  3 endoplasms
  4 giant cockroaches
  7 goblins
  6 hobgoblins
  6 ball pythons
  5 bats
  5 frilled lizards
  3 kobolds
  6 rats
66 creatures vanquished.

Vanquished Creatures (others)
  A centaur skeleton (D:4)
  An orc (D:4)
  A fungus (D:2)
  A plant (D:2)
4 creatures vanquished.

Grand Total: 70 creatures vanquished

Notes
Turn   | Place    | Note
-------+----------+-------------------------------------------
     0 | D:1      | croobank the Hill Orc Fighter began the quest for the Orb.
     0 | D:1      | Reached XP level 1. HP: 19/19 MP: 1/1
   329 | D:1      | Reached XP level 2. HP: 27/27 MP: 2/2
   884 | D:1      | Found a shimmering blue altar of Sif Muna.
  1132 | D:2      | Reached XP level 3. HP: 33/33 MP: 3/3
  1486 | D:2      | Found a bloodstained altar of Trog.
  1613 | D:2      | Found a faded altar of an unknown god.
  1891 | D:3      | Found Iceriapi's Jewellery Shop.
  2007 | D:3      | Noticed Terence
  2014 | D:3      | Killed Terence
  2015 | D:3      | Reached XP level 4. HP: 19/41 MP: 4/4
  2391 | D:3      | Reached skill level 5 in Fighting
  2472 | D:3      | Noticed Ijyb
  2479 | D:3      | Reached skill level 5 in Axes
  2488 | D:3      | Killed Ijyb
  2489 | D:3      | Reached XP level 5. HP: 44/48 MP: 5/5
  2619 | D:3      | Found an iron altar of Okawaru.
  3126 | D:4      | Reached XP level 6. HP: 31/57 MP: 6/6
  3439 | D:4      | Found a runed translucent gate.
  3439 | D:4      | Found a runed translucent gate.
  3439 | D:4      | Found a runed translucent gate.
  3439 | D:4      | Noticed Zeld's ghost (novice DEFE)
  3444 | D:4      | Found a basalt altar of Yredelemnul.
  3503 | D:4      | Became a worshipper of Beogh the Brigand
  3875 | D:4      | Found a radiant altar of Vehumet.
  4114 | D:5      | Entered Level 5 of the Dungeon
  4198 | D:5      | Noticed Eustachio
  4217 | D:5      | Reached skill level 1 in Invocations
  4222 | D:5      | Gained mutation: You have a pair of small antennae on your
                  | head. [potion of mutation]
  4222 | D:5      | Gained mutation: You are dopey. (Int -2) [potion of
                  | mutation]
  4222 | D:5      | Gained mutation: You have an increased reservoir of magic.
                  | (+10% MP) [potion of mutation]
  4226 | D:5      | HP: 1/58 [poisoned by a gnoll]
  4227 | D:4      | Succumbed to a gnoll's poison

Illustrated notes

Levels and vault maps discovered:
D:1:      dpeg_arrival_water_altar, layout_basic, serial_park_tiny_1
D:2:      layout_basic, dreamdust_ecumenical_altar_hidden_monk_grotto,
          basic_altar
D:3:      layout_basic, okawaru_gym_becter, serial_shops, shop, uniq_ijyb,
          uniq_terence
D:4:      layout_basic, nicolae_yredelemnul_ghost_church,
          nicolae_vehumet_altar_sigil, minmay_misc_feat_tower
D:5:      layout_loops_ring, mainiacjoe_overflow_tiny_flanked,
          nicolae_wu_jian_wuxing_cycle, uniq_eustachio

Skill      XL: |  1  2  3  4  5  6 |
---------------+-------------------+-----
Axes           | 3 4 5 6 |  6.4
Fighting       | 4 5 6 |  6.5
Invocations    | 1 |  1.2
Armour         | |  3.3
Shields        | |  3.3

Action                   |  1- 3 |  4- 6 || total
-------------------------+-------+-------++-------
Melee: War axe           |    81 |   101 ||   182
       Morningstar       |       |    10 ||    10
Invok: Convert to Beogh  |       |     1 ||     1
  Use: Scroll            |       |    10 ||    10
       Potion            |       |     3 ||     3
Armor: Scale mail        |    44 |    48 ||    92
Dodge: Dodged            |    42 |    51 ||    93
Block: Buckler           |    20 |    30 ||    50
